 Dungeon Crawl Stone Soup version 0.23.0 (webtiles) character file.

Game seed: 11638414192295502359

684 Revguard the Chopper (level 7, -1/61 HPs)
             Began as a Hill Orc Monk on Feb 14, 2019.
             Was a Believer of Beogh.
             Killed from afar by an oklob plant (9 damage)
             ... with a splash of acid
             ... on level 4 of the Dungeon.
             The game lasted 00:15:29 (4398 turns).

Revguard the Chopper (Hill Orc Monk)                Turns: 4398, Time: 00:15:31

Health: -1/61      AC: 11    Str: 15    XL:     7   Next: 62%
Magic:  7/7        EV:  8    Int: 10    God:    Beogh [**....]
Gold:   170        SH:  0    Dex: 14    Spells: 6/6 levels left

rFire    . . .     SeeInvis .   s - +0 war axe
rCold    . . .     Gourm    .   (no shield)
rNeg     . . .     Faith    .   o - +4 chain mail {rPois}
rPois    +         Spirit   .   e - +0 helmet
rElec    .         Reflect  .   (no cloak)
rCorr    .         Harm     .   (no gloves)
MR       .....                  (no boots)
Stlth    ..........             i - amulet of regeneration
HPRegen  0.60/turn              (no ring)
MPRegen  0.10/turn              (no ring)

@: corroded
A: low mp 1, wild magic 1, evolution 1
a: Smiting, Renounce Religion


You were on level 4 of the Dungeon.
You worshipped Beogh.
Beogh was pleased with you.
You were hungry.

You visited 1 branch of the dungeon, and saw 4 of its levels.

You collected 170 gold pieces.

Inventory:

Hand Weapons
 s - a +0 war axe (weapon)
Armour
 e - a +0 helmet (worn)
 m - a +0 chain mail
 o - a +4 chain mail of poison resistance (worn)
 r - a cursed +0 plate armour
Jewellery
 i - an amulet of regeneration (around neck)
 q - a +3 amulet of reflection {unknown}
Wands
 n - a wand of iceblast (8)
Scrolls
 b - 2 scrolls of enchant armour
 f - a scroll of identify {unknown}
 j - a scroll of fear {unknown}
 k - a scroll of noise {unknown}
 l - a scroll of random uselessness {unknown}
 p - a scroll of immolation
Potions
 d - a potion of curing
 g - 2 potions of mutation
 h - a potion of flight
Comestibles
 c - 7 rations


   Skills:
 + Level 5.2 Fighting
 + Level 7.3 Axes
 * Level 5.0 Armour
 + Level 3.2 Dodging
 - Level 1.5 Stealth
 * Level 2.0 Invocations


You had 6 spell levels left.
You didn't know any spells.
Your spell library was empty.

Dungeon Overview and Level Annotations

Branches:
Dungeon (4/15)
 Temple: D:4-7

Altars:
Fedhas
Okawaru
Xom

Annotations:
D:4 exclusion: oklob plant


Innate Abilities, Weirdness & Mutations

Your magical capacity is low. (-10% MP)
Your spells are a little harder to cast, but a little more powerful.
You evolve.


Message History

You hit the fungus.
The fungus is almost destroyed.
You hit the plant. x2; You hit the fungus. x2
You hit the plant but do no damage. You slash the fungus!
You destroy the fungus!
You hit the plant. You hit the fungus but do no damage. You slash the fungus!
You hit the plant but do no damage. You hit the plant.
The oklob plant spits acid at you. The splash of acid hits you.
You are splashed with acid!
The oklob plant spits acid at you. The splash of acid hits you!
The acid corrodes you!
You are splashed with acid!
You hit the oklob plant but do no damage.
You hit the plant but do no damage. You hit the plant.
The oklob plant spits acid at you. The splash of acid hits you!
You are splashed with acid!
* * * LOW HITPOINT WARNING * * *
The oklob plant spits acid at you. The splash of acid hits you!
You die...

##.≈≈≈≈...≈≈≈≈.P##P#
#.#
...≈≈≈≈._......###P#
#.###
##.≈≈≈≈...≈≈≈≈.PPPP#
#...#
P.≈≈≈≈≈≈≈≈≈≈≈.PPPP#
###.#
PP..≈≈≈≈≈≈≈≈≈...P###
#.#
.PP..≈≈≈≈≈≈≈..PP.P##
#.#
###P..≈≈≈≈≈....P.PP#
#<#
PP........PPP.PP#
#.#


P.PPP#PPP.PP#@%.# #.# #PPP#PPP..P## #.# #PPPPPP#%PP# #.# .PP#P#P##P## #.# ###
###### #### #.# #.## #...# #..# #.# .#.######...####..# #.# ###...............#
#.# # ##.#####.######.# #<# You could see an oklob plant.

Vanquished Creatures
  A phantom (D:4)
  The ghost of puimuR the Chopper, an amateur HOWr (D:3)
  An ogre (D:4)
  Blork the orc (D:4)
  A bullfrog (D:3)
  A howler monkey (D:4)
  2 orc wizards (D:3)
  Ijyb (D:3)
  Robin (D:2)
  5 adders
  An adder skeleton (D:4)
  2 dart slugs
  2 worms (D:4)
  3 leopard geckos
  8 orcs
  6 giant cockroaches
  17 goblins
  10 hobgoblins
  11 jackals
  7 kobolds
  5 quokkas
  3 ball pythons
  4 bats
  2 frilled lizards (D:2)
  A jackal skeleton (D:4)
  7 rats
  A fungus (D:4)
105 creatures vanquished.

Vanquished Creatures (others)
  2 orcs (D:3)
  A rat (D:3)
  16 toadstools (D:4)
19 creatures vanquished.

Grand Total: 124 creatures vanquished

Notes
Turn   | Place    | Note
-------+----------+-------------------------------------------
     0 | D:1      | Revguard the Hill Orc Monk began the quest for the Orb.
     0 | D:1      | Reached XP level 1. HP: 19/19 MP: 1/1
     9 | D:1      | Found an iron altar of Okawaru.
    82 | D:1      | Reached XP level 2. HP: 14/27 MP: 2/2
   277 | D:1      | Reached skill level 1 in Armour
   303 | D:1      | Reached XP level 3. HP: 24/33 MP: 3/3
   537 | D:1      | Gained mutation: Your magical capacity is low. (-10% MP)
                  | [potion of mutation]
   537 | D:1      | Gained mutation: You evolve. [potion of mutation]
  1048 | D:2      | Noticed Robin
  1069 | D:2      | Reached skill level 5 in Axes
  1078 | D:2      | Reached XP level 4. HP: 25/40 MP: 3/3
  1105 | D:2      | Killed Robin
  1138 | D:2      | HP: 2/40 [poisoned by Robin]
  1178 | D:2      | HP: 1/40 [quokka (2)]
  2001 | D:2      | Gained mutation: Your spells are a little harder to cast,
                  | but a little more powerful. [evolution]
  2183 | D:3      | Found a shimmering altar of Xom.
  2220 | D:3      | Reached XP level 5. HP: 12/47 MP: 4/4
  2623 | D:3      | Noticed Ijyb
  2660 | D:3      | Killed Ijyb
  2699 | D:3      | Reached skill level 6 in Axes
  2701 | D:3      | Found a runed translucent door.
  2720 | D:3      | Noticed puimuR's ghost (amateur HOWr)
  2743 | D:3      | Reached XP level 6. HP: 38/53 MP: 5/5
  2889 | D:3      | Killed puimuR's ghost
  3203 | D:3      | Became a worshipper of Beogh the Brigand
  3203 | D:3      | Reached * piety under Beogh
  3203 | D:3      | Reached ** piety under Beogh
  3789 | D:4      | Noticed a phantom
  3897 | D:4      | Killed a phantom
  3897 | D:4      | Reached skill level 5 in Fighting
  3897 | D:4      | Reached XP level 7. HP: 52/61 MP: 5/6
  3925 | D:4      | Reached skill level 1 in Invocations
  3944 | D:4      | Noticed Blork the orc
  3967 | D:4      | Killed Blork the orc
  3967 | D:4      | Reached skill level 7 in Axes
  4180 | D:4      | Reached skill level 5 in Armour
  4343 | D:4      | Found a blossoming altar of Fedhas.
  4380 | D:4      | Noticed an oklob plant
  4398 | D:4      | Killed from afar by an oklob plant

Skill      XL: |  1  2  3  4  5  6  7 |
---------------+----------------------+-----
Armour         | 1 2 3 4 5 |  5.0
Fighting       | 4 5 |  5.2
Axes           | 5 6 7 |  7.3
Dodging        | 3 |  3.2
Invocations    | 2 |  2.0
Stealth        | |  1.5

Action                   |  1- 3 |  4- 6 |  7- 9 || total
-------------------------+-------+-------+-------++-------
Melee: Hand axe          |    99 |   367 |    77 ||   543
       War axe           |       |       |     9 ||     9
Invok: Convert to Beogh  |       |     1 |       ||     1
  Use: Potion            |     2 |     4 |       ||     6
       Scroll            |     2 |     2 |       ||     4
  Eat: Chunk             |       |    10 |     1 ||    11
Armor: Robe              |     4 |       |       ||     4
       Scale mail        |    56 |    43 |       ||    99
       Chain mail        |       |   171 |    29 ||   200
Dodge: Dodged            |   106 |   116 |    24 ||   246
